 Dungeon Crawl Stone Soup version 0.30-a0-122-g2a1322497e (webtiles) character file.

Game seed: 553637758669595438

295 AarnesTheHuman the Digger (level 6, -9/32 HPs)
             Began as a Gargoyle Earth Elementalist on Sept 17, 2022.
             Was an Initiate of Vehumet.
             Killed by divine providence
             ... invoked by an orc priest
              (11 damage)
             ... on level 4 of the Dungeon.
             The game lasted 00:10:21 (4568 turns).

AarnesTheHuman the Digger (GrEE)                    Turns: 4568, Time: 00:10:21

Health: -9/32      AC:  6    Str: 11    XL:     6   Next: 34%
Magic:  3/11       EV: 11    Int: 18    God:    Vehumet [......]
Gold:   204        SH:  0    Dex: 13    Spells: 4/12 levels left

rFire   + + .      SeeInvis .    a - +0 dagger
rCold   + . .      Faith    .    (no shield)
rNeg    + + .      Spirit   .    g - +0 robe
rPois   ∞          Reflect  .    j - +0 hat
rElec   +          Harm     .    (no cloak)
rCorr   .          Rampage  .    (no gloves)
Will    .....                    (no boots)
Stlth   ++........               (no amulet)
HPRegen 0.10/turn                c - ring "Sujin" {rF++ rC+ rN+ Dex+3 Slay-2}
MPRegen 0.12/turn                (no ring)

@: no status effects
A: sickness immunity, AC +4, negative energy resistance 1, electricity
resistance, torment resistance 1, petrification resistance
a: Renounce Religion


You were on level 4 of the Dungeon.
You worshipped Vehumet.
Vehumet was noncommittal.
You visited 2 branches of the dungeon, and saw 5 of its levels.

You collected 204 gold pieces.

Inventory:

Hand Weapons
 a - a +0 dagger (weapon)
 v - a +1 spear of freezing
Missiles
 d - 49 stones
 u - a throwing net
 w - 8 poisoned darts
Armour
 g - a +0 robe (worn)
 j - a +0 hat (worn)
Magical Staves
 f - a staff of fire
Jewellery
 c - the ring "Sujin" (left hand) {rF++ rC+ rN+ Dex+3 Slay-2}
   (You acquired it on level 4 of the Dungeon)

   [ring of protection from cold]

   Dex:       It affects your dexterity (+3).
   Slay:      It affects your accuracy & damage with ranged weapons and melee
   (-2).
   rF:        It greatly protects you from fire.
   rC:        It protects you from cold.
   rN:        It protects you from negative energy.
Scrolls
 h - a scroll of torment
 i - 3 scrolls of identify
 p - a scroll of magic mapping
 q - 2 scrolls of poison
Potions
 b - a potion of magic
 e - a potion of brilliance
 l - 2 potions of haste
 m - 4 potions of curing
 r - a potion of mutation {unknown}


   Skills:
 - Level 1.5(0.7) Dodging
 - Level 2.1(1.0) Stealth
 + Level 3.9(1.9) Spellcasting
 + Level 3.1(1.5) Conjurations
 - Level 0.7(0.3) Transmutations
 + Level 5.8(2.9) Earth Magic


You had 4 spell levels left.
You knew the following spells:

 Your Spells              Type           Power      Damage    Failure   Level
a - Sandblast             Erth           24%        2d8       5%          1
b - Stone Arrow           Conj/Erth      18%        3d8       22%         3
c - Passwall              Tmut/Erth      5%         N/A       14%         2
d - Static Discharge      Conj/Air       8%         3-4/arc   21%         2

Your spell library contained the following spells:

 Spells                   Type           Power      Damage    Failure   Level
 Petrify                  Tmut/Erth      7%         N/A       67%         4
 Arcjolt                  Conj/Air       2%         1d12      98%         5
 Lightning Bolt           Conj/Air       2%         1d13      98%         5
 Maxwell's Capacitive Co  Air            0%         ∞         100%        8


Dungeon Overview and Level Annotations

Branches:
Dungeon (4/15)             Temple (1/1) D:4

Altars:
Ashenzari
Cheibriados
Dithmenos
Elyvilon
Fedhas
Hepliaklqana
Kikubaaqudgha
Nemelex Xobeh
Okawaru
Qazlal
Sif Muna
Trog
Uskayaw
Vehumet
Wu Jian
Xom
Yredelemnul
Zin
The Shining One

Shops:
D:2 !   D:4 !!![

Annotations:
D:2 exclusion: downstairs, Sigmund
D:3 exclusion: downstairs


Innate Abilities, Weirdness & Mutations

You are immune to sickness and miasma.
Your stone body is resilient. (AC +4)
You are immune to poison.
You resist negative energy. (rN+)
You are resistant to electric shocks. (rElec)
You are resistant to unholy torment.
You are immune to petrification.


Message History

The orc priest is moderately wounded.
The orc priest hits you with a +0 trident.
You hit the orc priest but do no damage.
The orc priest is moderately wounded.
The orc priest begins to cast a cantrip, but forgets the words!
You hit the orc priest but do no damage.
The orc priest is moderately wounded.
The orc priest hits you but does no damage.
You hit the orc priest but do no damage.
The orc priest is moderately wounded.
The orc priest barely misses you.
Unknown command.
Unknown command.
You hit the orc priest but do no damage.
You punch the orc priest.
The orc priest is moderately wounded.
The orc priest misses you.
You hit the orc priest but do no damage.
The orc priest is moderately wounded.
The orc priest barely misses you.
You hit the orc priest but do no damage.
The orc priest is moderately wounded.
The orc priest barely misses you.
You hit the orc priest.
The orc priest is heavily wounded.
The orc priest hits you with a +0 trident.
* * * LOW HITPOINT WARNING * * *
You hit the orc priest but do no damage.
You punch the orc priest, but do no damage.
The orc priest is heavily wounded.
The orc priest hits you with a +0 trident.
* * * LOW HITPOINT WARNING * * *
You hit the orc priest but do no damage.
The orc priest is heavily wounded.
The orc priest hits you but does no damage.
You barely miss the orc priest.
The orc priest is heavily wounded.
The orc priest mumbles some strange prayers to Beogh against you.
Beogh smites you!
You die...

*~*~~~~~~~~~~~*~,,,,.##,,##.##..
**~~~~~~~~~~~~~~......##,,#.#..#
*~~~~*~≈≈~~~~~♣........##.....##
###♣*~~~~~≈~~**♣.........#..⌠..#.
...♣~~~*~~o~~~~♣.................
..#~♣~~~~~♣P~~♣♣.................
..#~*~~~~~~~~♣♣..........########
..#,~*~~*~o~~~~#.........#
..#,~**~~~~♣♣~~#@........#
.(#,,***~~~♣~).o.#####'#.#
..#,,,,~~*♣P##########...#
..#****,~~*** *.........### ..#
*,*** *...........### .[# *,*
*.......#.#...#### ,,* *,*
*####..'#'###....# ,,*
*,********#......†.....##.#
*******+*,,,,,,,...####)####.##..


You could see an orc priest.

Vanquished Creatures
  3 hounds (D:3)
  An orc wizard (D:4)
  9 gnolls
  3 adders
  An ufetubus (D:4)
  A worm (D:2)
  4 dart slugs
  2 orcs
  2 ball pythons (D:4)
  2 bats
  3 endoplasms
  2 giant cockroaches (D:3)
  9 hobgoblins
  7 kobolds
  4 quokkas
  4 frilled lizards
  A goblin (D:3)
  2 rats (D:3)
60 creatures vanquished.

Vanquished Creatures (others)
  16 plants (D:4)
16 creatures vanquished.

Grand Total: 76 creatures vanquished

Notes
Turn   | Place    | Note
-------+----------+-------------------------------------------
     0 | D:1      | AarnesTheHuman the Gargoyle Earth Elementalist began the
                  | quest for the Orb.
     0 | D:1      | Reached XP level 1. HP: 10/10 MP: 3/3
   307 | D:1      | Reached skill level 4 in Earth Magic
   307 | D:1      | Reached XP level 2. HP: 15/15 MP: 3/5
   620 | D:1      | Found a faded altar of an unknown god.
  1172 | D:2      | Noticed Sigmund
  1199 | D:2      | Found Effe's Distillery.
  1312 | D:2      | Reached XP level 3. HP: 19/19 MP: 4/6
  1390 | D:2      | Learned a level 3 spell: Stone Arrow
  1393 | D:2      | Learned a level 2 spell: Passwall
  1479 | D:2      | Reached skill level 1 in Conjurations
  1763 | D:2      | Reached XP level 4. HP: 24/24 MP: 5/8
  2499 | D:3      | Reached skill level 5 in Earth Magic
  2517 | D:2      | Reached XP level 5. HP: 19/28 MP: 2/9
  2795 | D:3      | Found a snail-covered altar of Cheibriados.
  2808 | D:3      | Found a stormy altar of Qazlal.
  3185 | D:3      | Reached XP level 6. HP: 26/32 MP: 8/11
  3286 | D:3      | Learned a level 2 spell: Static Discharge
  3784 | D:4      | Identified a scroll of acquirement
  3784 | D:4      | Acquired the ring "Sujin" {rF++ rC+ rN+ Dex+3 Slay-2}
  4041 | D:4      | Found a staircase to the Ecumenical Temple.
  4050 | Temple   | Entered the Ecumenical Temple
  4212 | Temple   | Became a worshipper of Ashenzari the Shackled
  4290 | D:4      | Found Memo's Antique Armour Shop.
  4293 | D:4      | Found Erob's Distillery.
  4294 | D:4      | Found Qokhaut's Distillery.
  4295 | D:4      | Found Xiwkaba's Distillery.
  4438 | D:4      | Found a radiant altar of Vehumet.
  4474 | D:4      | Fell from the grace of Ashenzari
  4474 | D:4      | Became a worshipper of Vehumet
  4568 | D:4      | Killed from afar by an orc priest

Illustrated notes

Levels and vault maps discovered:
D:1:      lightli_arrival_isolated_outpost, layout_loops_corners,
          shapermc_ecumenical_altar_hornbeckon, grunt_decor_one_mirror
D:2:      layout_loops_ring, serial_shops, shop, grunt_ministairs_6,
          uniq_sigmund
D:3:      layout_rooms, nicolae_overflow_squiral, amcnicky_mini_pool_small,
          cheibrodos_gnoll_hut
D:4:      layout_basic, old_standard_altar, minmay_temple_entry_waves,
          minmay_statues_item, minmay_shop_grid_forest, serial_bayou_lake_a
Temple:   regret_index_temple_sphere_string

Skill      XL: |  1  2  3  4  5  6 |
---------------+-------------------+-----
Earth Magic    | 4 5 |  5.8
Conjurations   | 1 2 3 |  3.1
Spellcasting   | 3 |  3.9
Dodging        | |  1.5
Stealth        | |  2.1
Transmutations | |  0.7

Action                   |  1- 3 |  4- 6 || total
-------------------------+-------+-------++-------
Melee: Dagger            |       |    16 ||    16
       Punch             |       |     2 ||     2
 Cast: Sandblast         |    33 |    67 ||   100
       Stone Arrow       |       |     2 ||     2
  Use: Scroll            |       |    12 ||    12
Armor: Robe              |     7 |    14 ||    21
Dodge: Dodged            |    15 |    26 ||    41

Table legend: (Time is in decaauts)
 A = Elapsed time spent in this place.
 B = Non-inter-level travel time spent in this place.
 C = Inter-level travel time spent in this place.
 D = Time resting spent in this place.
 E = Time spent auto-exploring this place.
 F = Levels seen in this place.
 G = Mean time per level.
                   A        B        C        D        E       F      G
               +--------+--------+--------+--------+--------+-----+--------+
         Total |   4633 |   4288 |    345 |    758 |   2919 |   5 |  926.6 |
       Dungeon |   4454 |   4146 |    308 |    758 |   2792 |   4 | 1113.5 |
        Temple |    178 |    141 |     37 |      0 |    127 |   1 |  178.0 |
               +--------+--------+--------+--------+--------+-----+--------+

Top non-repeatable levels by time:
     D:2: 1241 daAuts
     D:3: 1229 daAuts
     D:1: 1167 daAuts
     D:4: 815 daAuts
  Temple: 178 daAuts
